 Dungeon Crawl Stone Soup version 0.29.1-15-g9cfb28693d (webtiles) character file.

Game seed: 12766235948958032943

186 firemarshallily the Sneak (level 5, -4/49 HPs)
             Began as a Naga Brigand on Mar 12, 2023.
             Splashed by a jelly's acid (7 damage)
             ... on level 4 of the Dungeon.
             The game lasted 00:07:52 (3514 turns).

firemarshallily the Sneak (Naga Brigand)            Turns: 3514, Time: 00:07:54

Health: -4/49      AC: -3    Str: 14    XL:     5   Next: 65%
Magic:  5/5        EV:  9    Int: 11    God:
Gold:   56         SH:  0    Dex: 14    Spells: 4/4 levels left

rFire   . . .      SeeInvis +   a - +2 dagger
rCold   . . .      Faith    .   (no shield)
rNeg    . . .      Spirit   .   b - +0 robe
rPois   +          Reflect  .   (no helmet)
rElec   .          Harm     .   r - +0 cloak
rCorr   .          Rampage  .   l - +0 pair of gloves
Will    .....                   (no barding)
Stlth   ++++......              (no amulet)
HPRegen 0.16/turn               (no ring)
MPRegen 0.09/turn               (no ring)

@: short of breath, corroded, very slow
A: AC +1, large, see invisible, deformed body, poison resistance, slowness 2,
spit poison 1, naga tail 1
a: Spit Poison


You were on level 4 of the Dungeon.
You visited 1 branch of the dungeon, and saw 4 of its levels.

You collected 147 gold pieces.
You spent 91 gold pieces at shops.

Inventory:

Hand Weapons
 a - a +2 dagger (weapon)
Missiles
 d - 24 poisoned darts
 e - 3 curare-tipped darts
 f - a throwing net
 s - 6 datura-tipped darts
Armour
 b - a +0 robe (worn)
 c - a +0 cloak
 l - a +0 pair of gloves (worn)
 r - a +0 cloak (worn)
Jewellery
 k - an amulet of faith
Wands
 h - a wand of flame (20)
Scrolls
 g - a scroll of teleportation {unknown}
 u - a scroll of identify {unknown}
Potions
 j - a potion of brilliance {unknown}
 m - a potion of attraction {unknown}
 n - a potion of flight
 o - a potion of haste {unknown}
 p - 2 potions of heal wounds {unknown}
 q - a potion of might {unknown}
 t - a potion of lignification {unknown}


   Skills:
 + Level 3.0 Fighting
 * Level 3.9 Short Blades
 - Level 1.7 Throwing
 - Level 0.7 Dodging
 * Level 7.9 Stealth


You had 4 spell levels left.
You didn't know any spells.
Your spell library was empty.

Dungeon Overview and Level Annotations

Branches:
Dungeon (4/15)
 Temple: D:4-7

Altars:

Shops:
D:2 !


Innate Abilities, Weirdness & Mutations

Your serpentine skin is tough. (AC +1)
You have supernaturally acute eyesight. (SInv)
Armour fits poorly on your strangely shaped body.
Your system is resistant to poisons. (rPois)
You cover ground very slowly.
You can spit poison.
You have a snake-like lower body.


Message History

Unknown command.
You hit the jelly.
Your hands burn!
The jelly is lightly wounded.
The jelly barely misses you.
You hit the jelly.
Your hands burn!
The jelly is lightly wounded.
The jelly hits you.
You are splashed with acid.
You hit the jelly.
Your hands burn!
The jelly is moderately wounded.
You have got your breath back.
The jelly barely misses you.
You hit the jelly.
Your hands burn!
The jelly is heavily wounded.
The jelly hits you.
You are splashed with acid!
* * * LOW HITPOINT WARNING * * *
You hit the jelly.
Your hands burn!
* * * LOW HITPOINT WARNING * * *
The jelly is heavily wounded.
You feel better. The jelly hits you but does no damage.
You hit the jelly. The acid corrodes you!
Your hands burn!
You punch the jelly, but do no damage.
The jelly is severely wounded.
The jelly closely misses you.
You hit the jelly. The acid corrodes you!
Your hands burn!
The jelly is severely wounded.
The jelly hits you.
You are splashed with acid!
* * * LOW HITPOINT WARNING * * *
Aiming: Spit Poison (1% risk of failure)
Press: ? - help, Q - select action, (/) - cycle Shift-Dir - straight line, f/p - jelly
Aim: a jelly (severely wounded, 100% to hit)
The splash of poison hits the jelly.
The jelly is poisoned.
The jelly is severely wounded.
The jelly closely misses you.
You hit the jelly but do no damage.
Your hands burn!
* * * LOW HITPOINT WARNING * * *
The jelly is severely wounded.
The jelly hits you.
* * * LOW HITPOINT WARNING * * *
The acid corrodes you!
You are splashed with acid!
You die...

......##.....### #.......#
).[...###'#### #.......#
########.....# #.......#
......##.....# #.......#
.............# #.......#
......##.....####+##.J..>..#
......##.....##....#.......#
...................#.......#
................@J.'.......#
...................#.......#
# ##############...#.......#
##...#......## #....#......#
#....#........
#....#......#. #....#......#
#....#


You could see a jelly (poisoned).

Vanquished Creatures
  Crazy Yiuf (D:3)
  A hound (D:3)
  An orc wizard (D:3)
  2 adders
  4 worms
  2 dart slugs
  6 orcs
  4 ball pythons
  4 bats
  3 endoplasms
  3 giant cockroaches
  2 goblins
  4 hobgoblins
  6 kobolds
  6 quokkas
  10 frilled lizards
  7 rats
66 creatures vanquished.

Notes
Turn   | Place    | Note
-------+----------+-------------------------------------------
     0 | D:1      | firemarshallily the Naga Brigand began the quest for the
                  | Orb.
     0 | D:1      | Reached XP level 1. HP: 19/19 MP: 1/1
    32 | D:1      | Reached skill level 6 in Stealth
   358 | D:1      | Reached XP level 2. HP: 9/26 MP: 2/2
  1344 | D:2      | Reached XP level 3. HP: 28/33 MP: 3/3
  1517 | D:2      | Found Reikew's Distillery.
  1525 | D:2      | Bought a potion of curing for 39 gold pieces
  1525 | D:2      | Bought a potion of degeneration for 13 gold pieces
  2000 | D:2      | Reached XP level 4. HP: 40/40 MP: 4/4
  2124 | D:2      | Bought a potion of flight for 39 gold pieces
  2193 | D:3      | Reached skill level 7 in Stealth
  2475 | D:3      | Found a runed translucent door.
  2478 | D:3      | Noticed Crazy Yiuf
  2480 | D:3      | Identified the +5 hammer "Ponk" {spect, Str+6 Int+3 Dex-4}
  2499 | D:3      | Killed Crazy Yiuf
  2770 | D:3      | Reached XP level 5. HP: 48/48 MP: 5/5
  3514 | D:4      | Splashed by a jelly's acid

Illustrated notes

Levels and vault maps discovered:
D:1:      eino_arrival_druids_welcome, layout_basic
D:2:      layout_loops_ring, serial_shops, shop_statue
D:3:      layout_rooms, hex_tiny, minmay_cut_off, uniq_crazy_yiuf_cottage
D:4:      layout_gridville, uniq_eustachio, uniq_grinder

Skill      XL: |  1  2  3  4  5 |
---------------+----------------+-----
Stealth        | 6 7 |  7.9
Short Blades   | 3 |  3.9
Fighting       | 3 |  3.0
Throwing       | |  1.7
Dodging        | |  0.7

Action                   |  1- 3 |  4- 6 || total
-------------------------+-------+-------++-------
Melee: Dagger            |    83 |    94 ||   177
       Punch             |     1 |     2 ||     3
 Abil: Spit Poison       |    14 |    21 ||    35
  Use: Potion            |       |     1 ||     1
 Stab: Sleeping          |    11 |     8 ||    19
       Invisible         |       |     1 ||     1
Armor: Robe              |    16 |    19 ||    35
Dodge: Dodged            |    37 |    42 ||    79
